 Dungeon Crawl Stone Soup version 0.28.0 (webtiles) character file.

Game seed: 15541310052738098003

740 HallandMoats the Skirmisher (level 7, 0/56 HPs)
             Began as a Demonspawn Fighter on Feb 13, 2022.
             Was a Follower of Yredelemnul.
             Slain by Pikel (3 damage)
             ... on level 5 of the Dungeon.
             The game lasted 00:03:05 (4037 turns).

HallandMoats the Skirmisher (Demonspawn Fighter)    Turns: 4037, Time: 00:03:06

Health: 0/56       AC:  6    Str: 22    XL:     7   Next: 46%
Magic:  10/10      EV: 11    Int:  9    God:    Yredelemnul [*.....]
Gold:   330        SH:  5    Dex: 13    Spells: 6/6 levels left

rFire   . . .      SeeInvis .   a - +0 war axe
rCold   . . .      Faith    .   c - +0 buckler
rNeg    . . .      Spirit   .   j - +0 ring mail "Hailywn" {Str+4}
rPois   .          Reflect  .   (no helmet)
rElec   .          Harm     .   (no cloak)
rCorr   .          Rampage  .   (no gloves)
Will    +....                   n - +0 pair of boots
Stlth   +.........              (no amulet)
HPRegen 0.18/turn               g - ring of willpower
MPRegen 0.24/turn               (no ring)

@: no status effects
A: magic regeneration, sturdy frame 1
a: Renounce Religion, Recall Undead Harvest


You were on level 5 of the Dungeon.
You worshipped Yredelemnul.
Yredelemnul was noncommittal.
You visited 1 branch of the dungeon, and saw 5 of its levels.

You collected 330 gold pieces.

Inventory:

Hand Weapons
 a - a +0 war axe (weapon)
Armour
 c - a +0 buckler (worn)
 j - the +0 ring mail "Hailywn" (worn) {Str+4}
   (You found it on level 3 of the Dungeon)

   Str:       It affects your strength (+4).
 n - a +0 pair of boots (worn)
Jewellery
 g - a ring of willpower (left hand)
Wands
 m - a wand of flame (23)
Scrolls
 e - a scroll of noise {unknown}
 f - 6 scrolls of identify {unknown}
 h - a scroll of teleportation {unknown}
Potions
 b - a potion of flight {unknown}
 d - a potion of might
 i - a potion of heal wounds {unknown}
 k - 2 potions of curing {unknown}
 l - a potion of degeneration {unknown}
 o - a potion of ambrosia {unknown}


   Skills:
 * Level 5.0 Fighting
 * Level 3.8 Axes
 + Level 3.5 Armour
 + Level 2.1 Dodging
 + Level 3.7 Shields
 * Level 4.8 Invocations


You had 6 spell levels left.
You didn't know any spells.
Your spell library contained the following spells:

 Spells                   Type           Power      Damage    Failure   Level
 Foxfire                  Conj/Fire      0%         2x1d4     56%         1
 Magic Dart               Conj           0%         1d3       56%         1
 Call Imp                 Summ           0%         N/A       71%         2
 Conjure Flame            Conj/Fire      0%         6-21      90%         3
 Inner Flame              Hex/Fire       0%         N/A       90%         3
 Mephitic Cloud           Conj/Pois/Air  0%         N/A       90%         3
 Tukima's Dance           Hex            0%         N/A       90%         3
 Anguish                  Hex/Necr       0%         N/A       100%        4
 Flame Wave               Conj/Fire      0%         2d4       100%        4
 Enfeeble                 Hex            0%         N/A       100%        7


Dungeon Overview and Level Annotations

Branches:
Dungeon (5/15)
 Temple: D:4-7

Altars:
Yredelemnul

Annotations:
D:5 Pikel


Innate Abilities, Weirdness & Mutations

You regenerate magic rapidly.
Your movements are slightly less encumbered by armour. (ER -2)


Message History

Your centaur zombie is destroyed!
You slash Pikel!
Pikel is heavily wounded.
You barely miss the lemure. Pikel hits you but does no damage.
The lemure barely misses you.
Pikel hits you with a +0 whip of freezing.
* * * LOW HITPOINT WARNING * * *
Pikel freezes you.
* * * LOW HITPOINT WARNING * * *
Your scorpion zombie barely misses the lemure.
You barely miss Pikel.
Pikel is heavily wounded.
You hit the lemure.
You kill the lemure!
That felt strangely unrewarding.
Pikel misses you.
Your scorpion zombie closely misses Pikel.
Unknown command.
Unknown command.
You hit Pikel but do no damage.
Pikel is heavily wounded.
You hit the lemure but do no damage. You block the lemure's attack.
Pikel hits you with a +0 whip of freezing.
* * * LOW HITPOINT WARNING * * *
Pikel freezes you.
* * * LOW HITPOINT WARNING * * *
Your scorpion zombie hits Pikel but does no damage.
The lemure closely misses you.
Pikel says, "I just want to get paid!"
Pikel hits you with a +0 whip of freezing.
* * * LOW HITPOINT WARNING * * *
Pikel freezes you.
* * * LOW HITPOINT WARNING * * *
Your scorpion zombie hits Pikel.
Unknown command.
You slash Pikel!
Pikel is severely wounded.
You hit the lemure but do no damage. The lemure barely misses you.
Pikel hits you with a +0 whip of freezing.
You die...
Your body rises from the dead as a mindless zombie.

##.# ### .....
..## .....
...#####
###...###..#...
.........5{5.
##......#K5#
........#@Z#
#.......Z.#
#.###..####
#.##$..#
#......####
####...##..
.######)##.#
###
#.......##.#
#..
.#####.#.#.#
#.#


You could see Pikel (resistant, ally target), 3 lemures and 2 friendly scorpion
zombies.

Vanquished Creatures
  Sigmund (D:4)
  A centaur (D:5)
  A lemure (D:5)
  A kobold brigand (D:4)
  2 scorpions (D:5)
  2 iguanas (D:4)
  Natasha (thrice) (D:4)
  2 adders
  An ufetubus (D:4)
  A worm (D:2)
  3 dart slugs
  An orc (D:3)
  12 endoplasms
  4 giant cockroaches
  7 hobgoblins
  7 jackals
  2 kobolds
  5 ball pythons
  9 bats
  3 frilled lizards
  2 goblins
  7 rats
77 creatures vanquished.

Vanquished Creatures (collateral kills)
  An ogre (D:4)
  An adder skeleton (D:4)
  A dart slug (D:3)
  A kobold (D:4)
  A bat (D:2)
5 creatures vanquished.

Vanquished Creatures (others)
  A centaur zombie (D:5)
  8 demonic plants (D:2)
  7 fungi (D:2)
  8 plants (D:2)
  6 withered plants (D:2)
30 creatures vanquished.

Grand Total: 112 creatures vanquished

Notes
Turn   | Place    | Note
-------+----------+-------------------------------------------
     0 | D:1      | HallandMoats the Demonspawn Fighter began the quest for the
                  | Orb.
     0 | D:1      | Reached XP level 1. HP: 18/18 MP: 1/1
    55 | D:1      | Gained mutation: Your movements are slightly less
                  | encumbered by armour. (ER -2) [demonic ancestry]
    55 | D:1      | Reached XP level 2. HP: 5/24 MP: 2/2
   465 | D:1      | Reached skill level 1 in Invocations
  1083 | D:2      | Reached XP level 3. HP: 22/29 MP: 2/4
  1568 | D:2      | Found a faded altar of an unknown god.
  1612 | D:2      | Prayed at the altar of an unknown god.
  1612 | D:2      | Became a worshipper of Yredelemnul the Dark
  1612 | D:2      | Reached * piety under Yredelemnul
  2146 | D:3      | Reached XP level 4. HP: 35/35 MP: 5/5
  2149 | D:3      | Identified the +0 ring mail "Hailywn" {Str+4}
  2668 | D:4      | Reached skill level 1 in Dodging
  2795 | D:4      | Noticed Natasha
  2799 | D:4      | Killed Natasha
  2800 | D:4      | Reached XP level 5. HP: 36/42 MP: 5/7
  2868 | D:4      | Noticed an ogre
  2873 | D:4      | Killed an ogre
  2874 | D:4      | Reached skill level 4 in Fighting
  2927 | D:4      | Reached XP level 6. HP: 48/48 MP: 8/8
  2948 | D:4      | Noticed Natasha
  2956 | D:4      | Killed Natasha
  2956 | D:4      | Reached ** piety under Yredelemnul
  2990 | D:4      | Noticed Sigmund
  2997 | D:4      | Noticed Natasha
  2999 | D:4      | Killed Sigmund
  3007 | D:4      | Killed Natasha
  3619 | D:4      | Gained mutation: You regenerate magic rapidly. [demonic
                  | ancestry]
  3619 | D:4      | Reached XP level 7. HP: 37/55 MP: 10/10
  3799 | D:5      | Entered Level 5 of the Dungeon
  3859 | D:5      | Reached skill level 5 in Fighting
  4022 | D:5      | Noticed Pikel
  4037 | D:5      | Slain by Pikel

Illustrated notes

Levels and vault maps discovered:
D:1:      minmay_arrival_shoal_huts, layout_rooms
D:2:      layout_rooms, shapermc_ecumenical_altar_gd
D:3:      layout_loops_ring
D:4:      layout_loops_ring, uniq_natasha, uniq_sigmund
D:5:      layout_loops_cross, grunt_decor_fettered, uniq_ijyb, uniq_duvessa,
          uniq_pikel

Skill      XL: |  1  2  3  4  5  6  7 |
---------------+----------------------+-----
Axes           | 2 3 |  3.8
Invocations    | 1 2 3 4 |  4.8
Shields        | 3 |  3.7
Dodging        | 1 2 |  2.1
Armour         | 3 |  3.5
Fighting       | 4 5 |  5.0

Action                   |  1- 3 |  4- 6 |  7- 9 || total
-------------------------+-------+-------+-------++-------
Melee: War axe           |   121 |    84 |    23 ||   228
Armor: Scale mail        |    70 |       |       ||    70
       Ring mail         |       |    20 |    13 ||    33
Dodge: Dodged            |    68 |    41 |    11 ||   120
Block: Buckler           |    36 |    19 |    10 ||    65
